 Dungeon Crawl Stone Soup version 0.22-a0-458-gb446440 (webtiles) character file.

40 gmonis the Conjurer (level 3, -1/26 HPs)
             Began as a Draconian Conjurer on June 8, 2018.
             Killed by divine providence
             ... invoked by an orc priest
              (16 damage)
             ... on level 3 of the Dungeon.
             The game lasted 00:04:50 (1671 turns).

gmonis the Conjurer (Draconian Conjurer)            Turns: 1671, Time: 00:04:51

Health: -1/26      AC:  5    Str: 10    XL:     3   Next: 30%
Magic:  0/6        EV: 12    Int: 16    God:
Gold:   69         SH:  0    Dex: 11    Spells: 5/6 levels left

rFire    . . .     SeeInvis .   (no weapon)
rCold    . . .     Gourm    .   (no shield)
rNeg     . . .     Faith    .   (armour unavailable)
rPois    .         Spirit   .   (helmet restricted)
rElec    .         Reflect  .   (no cloak)
rCorr    .         Harm     .   (no gloves)
MR       .....                  (no boots)
Stlth    ++........             (no amulet)
HPRegen  0.08/turn              (no ring)
MPRegen  0.10/turn              (no ring)

@: no status effects
A: unfitting armour, cold-blooded, AC +5
a: no special abilities


You were on level 3 of the Dungeon.
You were very hungry.

You visited 1 branch of the dungeon, and saw 3 of its levels.

You collected 69 gold pieces.

Inventory:

Missiles
 h - 115 stones (quivered)
Scrolls
 a - a scroll of enchant weapon {unknown}
 c - 2 scrolls of identify {unknown}
 d - a scroll of remove curse {unknown}
 e - 2 scrolls of fog {unknown}
 i - a scroll of blinking {unknown}
Potions
 f - a potion of curing
 g - a potion of flight {unknown}
 j - a potion of lignification {unknown}
 k - a potion of ambrosia {unknown}
Comestibles
 b - 6 rations


   Skills:
 - Level 1.7 Dodging
 - Level 1.7 Stealth
 + Level 2.2 Spellcasting
 + Level 5.0 Conjurations


You had 5 spell levels left.
You knew the following spells:

 Your Spells              Type           Power        Failure   Level  Hunger
a - Magic Dart            Conj           ###.         2%          1    #......

Your spell library contained the following spells:

 Spells                   Type           Power        Failure   Level  Hunger
 Iskenderun's Mystic Bla  Conj           ###.....     26%         4    #####..
 Fulminant Prism          Conj/Hex       #.........   56%         4    #####..
 Dazzling Spray           Conj/Hex       #.....       22%         3    ###....
 Force Lance              Conj/Tloc      #.......     56%         4    #####..
 Searing Ray              Conj           ###...       3%          2    ###....


Dungeon Overview and Level Annotations

Branches:
Dungeon (3/15)

Altars:

Annotations:
D:2 Jessica, Natasha, Robin


Innate Abilities, Weirdness & Mutations

Your plain brown scales are hard. (AC +5)
You cannot fit into any form of body armour.
You are cold-blooded and may be slowed by cold attacks.


Message History

Casting: Magic Dart (safe; 2% risk of failure)
Confirm with . or Enter, or press ? or * to list all spells.
Aiming: Magic Dart (safe; 2% risk of failure)
Press: ? - help, Shift-Dir - straight line, f/p - orc priest
Aim: an orc priest, wielding a dagger and wearing a leather armour (heavily wounded)
The magic dart hits the orc priest.
The orc priest is heavily wounded.
Casting: Magic Dart (safe; 2% risk of failure)
Confirm with . or Enter, or press ? or * to list all spells.
Aiming: Magic Dart (safe; 2% risk of failure)
Press: ? - help, Shift-Dir - straight line, f/p - orc priest
Aim: an orc priest, wielding a dagger and wearing a leather armour (heavily wounded)
The magic dart hits the orc priest.
The orc priest is heavily wounded.
The orc priest mumbles some strange prayers to Beogh against you.
Beogh smites you!
The orc priest invokes the aid of Beogh against you.
Beogh smites you!
Ouch! That really hurt!
You die...

##....######.#...............
##.<).# #...............#..
.#....# ##.............#.#.# ...
.#....+................#.#.# ....
.#....####..).###......#...#.....
.#....# ###.....................
......####......########......##.
.................#...o...........
...###..........@#o##......#.....
....##........##.#o#.......#.....
....##........##.#.#.##.##.#.#.#.
....##.........#o#.#.........


.ol ....##..........oo............ go ....+.............###...###....
....##....#####............(... ....+........#<....##..........
[...#......#.#..)..#####...... You could see 2 orc priests and an orc.

Vanquished Creatures
  2 adders (D:3)
  A leopard gecko (D:3)
  2 giant cockroaches (D:1)
  7 goblins
  A hobgoblin (D:1)
  A quokka (D:2)
  2 bats (D:1)
  5 frilled lizards
  A rat (D:1)
22 creatures vanquished.

Notes
Turn   | Place    | Note
-------+----------+-------------------------------------------
     0 | D:1      | gmonis the Draconian Conjurer began the quest for the Orb.
     0 | D:1      | Reached XP level 1. HP: 14/14 MP: 3/3
   551 | D:1      | Reached XP level 2. HP: 15/20 MP: 0/5
  1202 | D:2      | Noticed Jessica
  1428 | D:3      | Reached XP level 3. HP: 26/26 MP: 1/6
  1508 | D:2      | Reached skill level 5 in Conjurations
  1513 | D:2      | Noticed Robin
  1515 | D:2      | Noticed Natasha
  1671 | D:3      | Killed from afar by an orc priest

Vault maps used:
D:1:      minmay_arrival_four_houses
D:2:      overflow_temple_1_default, minivault_19, uniq_natasha,
          uniq_crazy_yiuf_cottage, uniq_jessica, uniq_robin
D:3:      first_ration

Skill      XL: |  1  2  3 |
---------------+----------+-----
Conjurations   | 5 |  5.0
Dodging        | |  1.7
Stealth        | |  1.7
Spellcasting   | |  2.2

Action                   || total
-------------------------++-------
Melee: Unarmed           ||    42
       Tailslap          ||     7
 Cast: Magic Dart        ||    55
  Use: Potion            ||     1
 Stab: Sleeping          ||     1
  Eat: Chunk             ||     2
Armor: Skin              ||    24
Dodge: Dodged            ||    32

Table legend:
 A = Spawn XP
 B = Non-spawn XP
 C = Spawn XP percentage of total XP
 D = Spawn monster count
 E = Non-spawn monster count
 F = Spawn count percentage of total count
 G = Total turns spent on level
                    A         B        C        D         E        F      G
               +---------+---------+-------+---------+---------+-------+---------
         Total |       0 |      58 |   0.0 |       0 |      22 |   0.0 |  1671
               +---------+---------+-------+---------+---------+-------+---------
           D:1 |       0 |      18 |   0.0 |       0 |      13 |   0.0 |  1089
           D:2 |       0 |       9 |   0.0 |       0 |       5 |   0.0 |   186
           D:3 |       0 |      31 |   0.0 |       0 |       4 |   0.0 |   396
               +---------+---------+-------+---------+---------+-------+---------
